 Dungeon Crawl Stone Soup version 0.17.1-3-g152610e (webtiles) character file.

1225 Goblin1989 the Firebug (level 8, -3/41 HPs)
             Began as a Deep Elf Fire Elementalist on Mar 10, 2016.
             Was an Initiate of Vehumet.
             Slain by a quokka (4 damage)
             ... summoned by Eustachio
             ... on level 5 of the Dungeon on Mar 11, 2016.
             The game lasted 00:37:57 (7523 turns).

Goblin1989 the Firebug (Deep Elf Fire Elementalist) Turns: 7523, Time: 00:37:58

Health: -3/41      AC:  6    Str:  5    XL:     8   Next: 23%
Magic:  0/19       EV: 13    Int: 26    God:    Vehumet [......]
Gold:   242        SH:  0    Dex: 15    Spells: 5 memorised, 6 levels left

rFire  x . .     SeeInvis .     o - +1 dagger (holy)
rCold  + . .     Clarity  .     a - +0 robe
rNeg   . . .     SustAt   .     (no shield)
rPois  .         Gourm    .     j - +2 helmet {Int+3}
rElec  .         Spirit   .     (no cloak)
rCorr  .         Warding  .     x - +0 pair of gloves
rMut   .         Stasis   .     (no boots)
MR     +....                    (no amulet)
Stlth  ++........               l - ring of protection from magic
                                h - ring of ice

@: somewhat resistant to hostile enchantments, unstealthy
A: no striking features
a: Renounce Religion


You were on level 5 of the Dungeon.
You worshipped Vehumet.
Vehumet was noncommittal.
You were very hungry.

You visited 2 branches of the dungeon, and saw 6 of its levels.

You collected 242 gold pieces.

Inventory:

Hand Weapons
 e - a +0 dagger
 o - a +1 dagger of holy wrath (weapon)
Missiles
 q - 12 curare-tipped needles
Armour
 a - a +0 robe (worn)
 j - a +2 helmet of intelligence (worn)
 x - a +0 pair of gloves (worn)
Jewellery
 h - a ring of ice (left hand)
 l - a ring of protection from magic (right hand)
Wands
 v - a wand of confusion (30)
Scrolls
 c - a scroll of enchant weapon {unknown}
 d - a scroll of recharging {unknown}
 f - a scroll of magic mapping {unknown}
 k - 2 scrolls of teleportation {unknown}
 m - 2 scrolls of random uselessness {unknown}
 p - 2 scrolls of blinking {unknown}
 r - 2 scrolls of immolation {unknown}
 s - 5 scrolls of identify {unknown}
 t - 2 scrolls of amnesia {unknown}
 w - a scroll of fog {unknown}
 y - a scroll of remove curse {unknown}
Potions
 g - a potion of brilliance {unknown}
 i - 2 potions of curing
 n - a potion of haste
Books
 b - a book of Flames

   Spells                             Type                      Level
   a - Flame Tongue                   Conjuration/Fire             1
   b - Throw Flame                    Conjuration/Fire             2
   c - Conjure Flame                  Conjuration/Fire             3
   d - Inner Flame                    Hexes/Fire                   3
   e - Sticky Flame                   Conjuration/Fire             4
   f - Fireball                       Conjuration/Fire             5
Comestibles
 u - 2 bread rations


   Skills:
 - Level 2.4 Dodging
 - Level 2.4 Stealth
 + Level 6.1 Spellcasting
 * Level 7.0 Conjurations
 * Level 7.7 Fire Magic


You had 6 spell levels left.
You knew the following spells:

 Your Spells              Type           Power        Failure   Level  Hunger
a - Flame Tongue          Conj/Fire      ###..        1%          1    None
b - Throw Flame           Conj/Fire      ###...       1%          2    None
c - Conjure Flame         Conj/Fire      ###.....     1%          3    None
d - Inner Flame           Hex/Fire       ##......     6%          3    None
e - Sticky Flame          Conj/Fire      ###.....     4%          4    ###....


Dungeon Overview and Level Annotations

Branches:
Dungeon (5/15)             Temple (1/1) D:4

Altars:
Ashenzari
Cheibriados
Dithmenos
Elyvilon
Fedhas
Kikubaaqudgha
Makhleb
Sif Muna
Trog
Vehumet
Xom
Yredelemnul
The Shining One

Annotations:
D:4 Dowan, Duvessa
D:5 Eustachio


Message History

Casting: Throw Flame
Confirm with . or Enter, or press ? or * to list all spells.
Aiming: Throw Flame
Press: ? - help, Shift-Dir - straight line, f/p - Eustachio
Aim: Eustachio, wielding a falchion of electrocution and wearing a leather armour (heavily wounded)
You feel a numb sensation.
The puff of flame misses Eustachio.
The river rat bites you.
* * * LOW HITPOINT WARNING * * *
The quokka bites you but does no damage.
The white imp barely misses you.
The river rat bites you but does no damage.
Casting: Throw Flame
Confirm with . or Enter, or press ? or * to list all spells.
Aiming: Flame Tongue
Press: ? - help, Shift-Dir - straight line, f/p - Eustachio
Aim: Eustachio, wielding a falchion of electrocution and wearing a leather armour (heavily wounded)
You feel a numb sensation.
The flame tongue hits Eustachio.
Eustachio is severely wounded.
The quokka bites you.
You die...

.. #.....########.
...### #....)(..(....
......####............
#...........#########
#..........##### ###.
#...#..........###...
##.@.....#............
#.....r..##.......#...
##...5@..###....######.
#....rr5.# #..### #.
.......5....#..# #..
##.............# #..
#...............# ...
#.............#..
.#.......###..# #
......### .## .....# .#


You could see Eustachio, a crimson imp, 2 river rats, a white imp, an ufetubus
and a quokka.

Vanquished Creatures
  Grinder (D:4)
  2 ice beasts
  3 ogres
  A centaur (D:5)
  Blork the orc (D:5)
  A crimson imp (D:5)
  4 orc priests
  A hound (D:5)
  2 orc wizards (D:4)
  A centaur skeleton (D:4)
  Jessica (D:3)
  A hound zombie (D:5)
  A worker ant zombie (D:2)
  3 adders
  An adder skeleton (D:5)
  2 worms
  18 orcs
  8 giant cockroaches
  12 goblins
  9 hobgoblins
  9 jackals
  6 kobolds
  3 quokkas
  9 bats
  6 giant geckos
  2 giant newts (D:1)
  2 quokka skeletons (D:5)
  12 rats
122 creatures vanquished.

Notes
Turn   | Place    | Note
--------------------------------------------------------------
     0 | D:1      | Goblin1989 the Deep Elf Fire Elementalist began the quest for the Orb.
     0 | D:1      | Reached XP level 1. HP: 10/10 MP: 6/6
   364 | D:1      | Reached XP level 2. HP: 15/15 MP: 5/8
   387 | D:1      | Learned a level 2 spell: Throw Flame
   727 | D:1      | Reached skill level 4 in Fire Magic
  1077 | D:1      | Reached XP level 3. HP: 19/19 MP: 4/9
  1302 | D:2      | Learned a level 3 spell: Conjure Flame
  1433 | D:2      | Found a glowing golden altar of the Shining One.
  1538 | D:3      | Noticed Jessica
  1545 | D:3      | Killed Jessica
  1545 | D:3      | Reached XP level 4. HP: 6/24 MP: 2/11
  1828 | D:3      | Noticed an ice beast
  1838 | D:3      | Killed an ice beast
  1838 | D:3      | Reached skill level 5 in Fire Magic
  1838 | D:3      | Reached XP level 5. HP: 14/28 MP: 3/13
  1999 | D:3      | Learned a level 3 spell: Inner Flame
  4001 | D:3      | Reached XP level 6. HP: 32/32 MP: 8/14
  4121 | D:3      | Learned a level 4 spell: Sticky Flame
  4128 | D:4      | Noticed an ogre
  4133 | D:4      | Killed an ogre
  4465 | D:4      | Noticed Grinder
  4610 | D:4      | Noticed an ogre
  4619 | D:4      | Killed an ogre
  4619 | D:4      | Reached skill level 6 in Fire Magic
  4759 | D:4      | Noticed Duvessa
  4759 | D:4      | Noticed Dowan
  4849 | D:5      | Entered Level 5 of the Dungeon
  4934 | D:5      | Reached skill level 5 in Conjurations
  5074 | D:5      | Reached skill level 5 in Spellcasting
  5074 | D:5      | Reached XP level 7. HP: 36/36 MP: 1/16
  5296 | D:5      | Noticed Blork the orc
  5322 | D:5      | Killed Blork the orc
  6064 | D:4      | Reached skill level 7 in Fire Magic
  6324 | D:4      | Found a staircase to the Ecumenical Temple.
  6330 | Temple   | Entered the Ecumenical Temple
  6357 | Temple   | Became a worshipper of Vehumet
  6823 | D:4      | Killed Grinder
  6823 | D:4      | Reached XP level 8. HP: 30/41 MP: 0/18
  7500 | D:5      | Noticed Eustachio
  7520 | D:5      | HP: 2/41 [river rat[Eustachio] (2)]
  7523 | D:5      | Slain by a quokka

Action                   |  1- 3 |  4- 6 |  7- 9 || total
-------------------------+-------+-------+-------++-------
Melee: Dagger            |     5 |     2 |    55 ||    62
 Cast: Flame Tongue      |    46 |    79 |    26 ||   151
       Throw Flame       |    17 |    59 |    51 ||   127
       Conjure Flame     |       |    11 |     5 ||    16
       Inner Flame       |       |     1 |       ||     1
       Sticky Flame      |       |       |     1 ||     1
  Use: Potion            |       |     5 |       ||     5
  Eat: Chunk             |     1 |     1 |     2 ||     4
       Bread ration      |       |     2 |       ||     2
       Meat ration       |       |     1 |       ||     1
       Fruit             |       |       |     3 ||     3
